Arrhythmia, chaotic female vampiric Convict ######[############ ----------------.---------------# ----- |................).%.)%)[....%.|###############....| | ------+ -------------..-----)| |..<| +[.|...|)| #####.%..| |..-...|.| |...| |..|...|.| ##....| |.-----|.| # |...| |.-....|.| ### ----- |.|.._.|.| # -.| .(.|.| ### .| ...|.| # --- ---|.| ### .| # |.| ### -.| # .I##I@## --- Arrhythmia the Jail-bird Experience level: 8 Strength: 14 Dexterity: 13 Constitution: 20 Intelligence: 12 Wisdom: 8 Charisma: 9 Health: 0(79) Energy: 49(49) AC: 6 Gold: 338 Moves: 3534 Your Inventory: Coins $ - 338 gold pieces Weapons Q - an [uncursed +0] runed dagger [of searching (elven)] Armor b - a cursed +0 striped shirt (being worn) f - an [uncursed] +0 pair of old gloves [leather] (being worn) h - an [uncursed +0] mummy wrapping N - an [uncursed] +0 leather hat [elven leather helm] O - a [cursed +0] striped shirt P - a [blessed] +0 leather hat [elven leather helm] (being worn) T - a cursed +0 pair of jackboots [high] (being worn) W - a [cursed +0] Hawaiian shirt Scrolls d - an [uncursed] scroll labeled FOOBIE BLETCH [of teleportation] Potions g - an [uncursed] yellow potion [of object detection] Tools X - a [cursed] looking glass [mirror] Y - a [cursed] skeleton key Z - a [cursed +0] unicorn horn Iron balls c - an uncursed heavy iron ball (chained to you) (weapon in hand) Spells known in the end: Name Level Category Fail Memory Your skills at the end: Fighting Skills Weapon Skills sling [Basic / Skilled] Spellcasting Skills Final Attributes: You had transgressed. Hunger level was 493. Your alignment was -14 / 27. Monster difficulty range was 1 - 7. Level difficulty was 7. You were immune to poison. You were immune to level-drain. You were immune to sickness. You were blinded. You were punished. You could fly. You could survive without air. You were held by an owlbear. You regenerated. Your luck was zero. You are dead. Vanquished creatures: 3 watchmen a wolf a gnome mummy 2 human zombies a rope golem 3 Woodland-elves a fire ant a wood nymph an orc shaman a fog cloud a yellow light a shrieker 5 gnome lords 3 gnomish wizards a kobold mummy a gray ooze a straw golem a giant ant a floating eye 2 kittens 7 dwarves 4 rothes 4 monkeys 2 orc zombies 2 dwarf zombies a wererat an iguana 2 acid blobs 3 coyotes 3 hobbits 3 manes 2 giant rats 2 cave spiders 2 brown molds 2 red molds 31 gnomes 2 jackals 2 foxes a goblin 2 sewer rats 4 grid bugs a bat a lichen 4 newts 120 creatures vanquished. Voluntary challenges: You went without food. You never hit with a wielded weapon. You read items or engraved 1 time. You put on armor 19 times. You never genocided any monsters. You never polymorphed an object. You never changed form. You used no wishes. You abstained from Elbereth's help. You encountered 1 bones level. You never used any Sokoban shortcuts. Dungeon overview: The Dungeons of Doom: levels 1 to 3 Level 1 a long staircase Level 2 a general store, an altar to Tymora, a fountain Level 3 stairs to The Gnomish Mines The Gnomish Mines: levels 4 to 7 Level 4 stairs to The Dungeons of Doom Level 7 <- You were here a temple to Tymora, a magic chest History has recorded: On T:1 you entered the Dungeons of Doom to retrieve the Amulet of Yendor! On T:256 you reached level 2 of The Dungeons of Doom. On T:295 you advanced to experience level 2. On T:407 you advanced to experience level 3. On T:688 you reached level 3 of The Dungeons of Doom. On T:702 you advanced to experience level 4. On T:830 you reached level 1 of The Gnomish Mines. On T:898 you advanced to experience level 5. On T:1038 you advanced to experience level 6. On T:1896 you reached level 2 of The Gnomish Mines. On T:1925 you advanced to experience level 7. On T:2376 you reached level 3 of The Gnomish Mines. On T:2625 you advanced to experience level 8. On T:3152 you reached level 4 of The Gnomish Mines. Latest messages: You are being crushed. [HP-16=33] You miss it. You bite it. You feed on the lifeblood. It suddenly seems weaker! It hits! (2x) You are being crushed. [HP-16=17] It hits! (2x) You are being crushed. [HP-7=10] You cannot escape from it! It hits! It misses. You are being crushed. [HP-3=7] It hits! (2x) You die... Final status: Goodbye Arrhythmia the Convict... You died in The Gnomish Mines on dungeon level 7 with 5521 points, and 338 pieces of gold, after 3534 moves. You were level 8 with a maximum of 79 hit points when you died.